 Dungeon Crawl Stone Soup version 0.30-a0-311-gf115ab0292 (webtiles) character file.

Game seed: 11709782079486211703

167504 ryw the Fighter (level 17, -12/136 HPs)
             Began as a Demonspawn Monk on Oct 25, 2022.
             Was the Champion of Okawaru.
             Mangled by a kraken (34 damage)
             ... on level 3 of the Shoals.
             The game lasted 01:16:35 (27926 turns).

ryw the Fighter (Demonspawn Monk)                  Turns: 27926, Time: 01:16:35

Health: -12/136    AC: 27    Str: 18    XL:     17   Next: 31%
Magic:  28/28      EV: 19    Int: 17    God:    Okawaru [******]
Gold:   3856       SH: 16    Dex: 26    Spells: 25/30 levels left

rFire   + + .      SeeInvis .    X - +11 dagger of Fate {spect, Fly}
rCold   + . .      Faith    .    G - +3 warlock's mirror {reflect}
rNeg    . . .      Spirit   .    N - +1 ring mail "Amul" {Regen+ Str+3}
rPois   +          Reflect  +    T - +2 helmet of Kyunun {Dex+2}
rElec   .          Harm     .    L - scarf {rC+ rF+}
rCorr   +          Rampage  .    Q - +2 pair of gloves
Will    +....      Clarity  +    v - +2 pair of boots
Stlth   +++.......               s - amulet of Vitality {RegenMP++ Regen++}
HPRegen 2.82/turn                H - ring of the Bouncing Visions {rPois rF+ Int+6 Dex+3}
MPRegen 1.01/turn                l - ring of resist corrosion

@: swift, heroic, flying, very quick
A: claws 1, icy blue scales 2, icemail 1, condensation shield, demonic magic 3,
clarity
a: Renounce Religion, Heroism, Finesse, Duel


You were on level 3 of the Shoals.
You worshipped Okawaru.
Okawaru was exalted by your worship.
You visited 4 branches of the dungeon, and saw 25 of its levels.
You visited 1 bazaar.
You also visited: Bailey and Gauntlet.

You collected 4134 gold pieces.
You spent 278 gold pieces at shops.

Inventory:

Hand Weapons
 a - the +8 long sword "Notados" {speed, rPois Int+4 Dex+3 SInv}
   (You took it off a kobold in a bailey)

   Attacks with this weapon are significantly faster.
   Int:       It affects your intelligence (+4).
   Dex:       It affects your dexterity (+3).
   rPois:     It protects you from poison.
   SInv:      It lets you see invisible.
 b - the +12 dagger "Rojys" {elec, Dex+4}
   (You found it on level 4 of the Dungeon)

   It occasionally discharges a powerful burst of electricity upon striking a
   foe.
   Dex:       It affects your dexterity (+4).
 p - the +10 broad axe of Tartarus {pain, Dex+2}
   (You found it on level 2 of the Lair of Beasts)

   In the hands of one skilled in necromantic magic, it inflicts extra damage on
   living creatures.
   Dex:       It affects your dexterity (+2).
 M - the +9 halberd of the Extremes {pain, Str+6}
   (You found it in a Gauntlet)

   In the hands of one skilled in necromantic magic, it inflicts extra damage on
   living creatures.
   Str:       It affects your strength (+6).
 X - the +11 dagger of Fate (weapon) {spect, Fly}
   (Okawaru gifted it to you on level 9 of the Dungeon)

   When its wielder attacks, the weapon's spirit leaps out and strikes again.
   The spirit shares a part of any damage it takes with its wielder.
   Fly:       It grants you flight.
Missiles
 n - 11 atropa-tipped darts (quivered)
 z - a throwing net
 E - 32 boomerangs
Armour
 t - the +5 scale mail of the Gusle {Dex+5}
   (Okawaru gifted it to you on level 1 of the Lair of Beasts)

   Dex:       It affects your dexterity (+5).
 v - a +2 pair of boots (worn)
 G - the +3 warlock's mirror (worn) {reflect}
   (You found it in a bailey)

   It can block and reflect piercing ranged attacks and magical attacks against
   the wielder's willpower.
 I - a scarf of invisibility
 L - a scarf of resistance (worn)
 N - the +1 ring mail "Amul" (worn) {Regen+ Str+3}
   (You took it off a meliai on level 13 of the Dungeon)

   Str:       It affects your strength (+3).
   Regen:     It increases your rate of health regeneration.
 Q - a +2 pair of gloves (worn)
 T - the +2 helmet of Kyunun (worn) {Dex+2}
   (Okawaru gifted it to you in a Gauntlet)

   Dex:       It affects your dexterity (+2).
Jewellery
 e - a ring of positive energy
 j - a +4 ring of protection
 l - a ring of resist corrosion (right hand)
 s - the amulet of Vitality (around neck) {RegenMP++ Regen++}
   (You found it in a Gauntlet)

   [amulet of magic regeneration]

   It increases your rate of magic regeneration.
   Regen:     It increases your rate of health regeneration.
 H - the ring of the Bouncing Visions (left hand) {rPois rF+ Int+6 Dex+3}
   (You found it on level 1 of the Shoals)

   [ring of intelligence]

   Int:       It affects your intelligence (+6).
   Dex:       It affects your dexterity (+3).
   rF:        It protects you from fire.
   rPois:     It protects you from poison.
Wands
 q - a wand of acid (27)
 y - a wand of polymorph (8)
 C - a wand of digging (15)
 D - a wand of roots (20)
 J - a wand of flame (51)
 Z - a wand of mindburst (9)
Scrolls
 i - 6 scrolls of enchant armour
 k - 3 scrolls of blinking
 o - 3 scrolls of amnesia
 u - 2 scrolls of brand weapon
 x - 12 scrolls of teleportation
 B - 4 scrolls of enchant weapon
 F - a scroll of silence
 K - a scroll of torment
 P - 3 scrolls of poison
 U - 3 scrolls of magic mapping
 V - 4 scrolls of fear
Potions
 c - 2 potions of cancellation
 d - 8 potions of attraction
 f - 5 potions of mutation
 g - 12 potions of curing
 h - 4 potions of heal wounds
 m - 5 potions of lignification
 r - a potion of magic
 A - 5 potions of berserk rage
 O - 2 potions of might
 R - 2 potions of haste
 S - 2 potions of invisibility
 Y - 3 potions of brilliance
Miscellaneous
 w - a condenser vane


   Skills:
 + Level 13.0(18.0) Fighting
 - Level 8.6(16.9) Short Blades
 - Level 12.9(19.0) Long Blades
 + Level 11.2(16.2) Armour
 - Level 5.0(10.0) Dodging
 - Level 1.7(6.7) Stealth
 - Level 8.9(13.9) Shields
 * Level 6.7(11.7) Unarmed Combat
 - Level 7.3 Spellcasting
 - Level 6.1 Transmutations
 - Level 7.9 Air Magic
 - Level 10.1 Invocations
 - Level 4.1 Evocations


You had 25 spell levels left.
You knew the following spells:

 Your Spells              Type           Power      Damage    Failure   Level
a - Swiftness             Air            33%        N/A       2%          3
b - Wereblood             Tmut           27%        N/A       2%          2

Your spell library contained the following spells:

 Spells                   Type           Power      Damage    Failure   Level
 Beastly Appendage        Tmut           54%        N/A       1%          1
 Shock                    Conj/Air       76%        1d7       3%          1
 Airstrike                Air            16%        2d(3-19)  7%          4
 Spider Form              Tmut/Pois      16%        N/A       16%         3
 Apportation              Tloc           12%        N/A       19%         1
 Kindle Blastsparks       Fire/Tloc/Air  30%        2d12      19%         3
 Ignite Poison            Fire/Tmut/Pois 13%        N/A       24%         3
 Scorch                   Fire           12%        2d5       28%         2
 Ice Form                 Ice/Tmut       16%        N/A       47%         4
 Hailstorm                Conj/Ice       6%         3d4       50%         3
 Alistair's Intoxication  Tmut/Pois      10%        N/A       83%         5
 Freezing Cloud           Conj/Ice/Air   7%         6-21      86%         5
 Flame Wave               Conj/Fire      6%         2d5       88%         4
 Simulacrum               Ice/Necr       Unusable   N/A       N/A         6
 Summon Cactus Giant      Summ           Unusable   N/A       N/A         6

Dungeon Overview and Level Annotations

Branches:
Dungeon (15/15)            Temple (0/1) D:5            Lair (5/5) D:8
 Shoals (3/4) Lair:2        Snake (0/4) Lair:3        Slime (0/5) Lair:5
    Orc (2/2) D:12            Elf (0/3) Orc:2        Vaults (0/5) D:13
 Depths (0/4) D:15         Bailey (visited)         Gauntlet (visited)

Altars:
Ashenzari
Dithmenos
Kikubaaqudgha
Makhleb
Okawaru
Trog
Uskayaw
Vehumet
Wu Jian

Shops:
D:8 !((*[   Orc:2 :?*!   Shoals:2 ?

Annotations:
D:14 2 transporters, Pocvaraige's ghost, journeyman TrMo
Lair:1 exclusion: oklob plant
Lair:5 1 runed translucent door


Innate Abilities, Weirdness & Mutations

You have sharp fingernails.
You are mostly covered in icy blue scales. (AC +3)
A meltable icy envelope protects you from harm. (AC +4)
A meltable shield of frost defends you. (SH +4)
Spells you cast and wands you use may paralyse nearby enemies.
You possess an exceptional clarity of mind.


Message History

The tentacle barely misses you. The tentacle closely misses you.
The kraken bites you!
* * * LOW HITPOINT WARNING * * *
The tentacle slaps you!
* * * LOW HITPOINT WARNING * * *
You strike the helpless tentacle from behind!
You perforate the tentacle like a sieve!!!!
You kill the tentacle!
You block the tentacle's attack. x2; The kraken misses you.
You hit the tentacle.
The tentacle is lightly wounded.
Your +11 dagger of Fate {spect, Fly} barely misses the tentacle.
The tentacle misses you. You block the tentacle's attack.
The tentacle misses you.
You closely miss the tentacle.
The tentacle is lightly wounded.
Your +11 dagger of Fate {spect, Fly} hits the tentacle.
The tentacle closely misses you. You block the kraken's attack.
You block the tentacle's attack.
The tentacle slaps you but does no damage.
You puncture the tentacle!
The tentacle is moderately wounded.
Your +11 dagger of Fate {spect, Fly} hits the tentacle!
You block the tentacle's attack. x3
The kraken squirts a massive cloud of ink into the water!
You can move swiftly.
You possess the skills of a mighty hero.
You are flying.
Your flying speed is aided by the wind and quick.
Your attack delay is about 0.5 (and cannot be improved with additional weapon skill).
Your damage rating with the +11 dagger of Fate {spect, Fly} is about 20 (Base 4 x 140% (Dex) x 173% (Skill) + 11 (Ench)).
Your base attributes are Str 15, Int 11, Dex 21.
Unknown command.
Unknown command.
You closely miss the tentacle.
The tentacle is heavily wounded.
Your +11 dagger of Fate {spect, Fly} hits the tentacle.
The tentacle completely misses you. You block the tentacle's attack. x2
The kraken bites you!!
You die...

≈≈≈≈≈≈≈≈~~~~~~~~~.....
≈≈≈≈≈≈≈≈≈≈≈~~~~~~~...##.
≈≈≈≈≈≈≈≈≈≈≈~~~~~~...##[.
≈≈≈≈≈≈≈≈≈≈≈≈~~~~~.......
≈≈≈≈≈≈≈≈≈≈≈≈~~~~~~~~~^..
≈≈≈≈≈≈≈≈≈≈≈≈~~~~~~~~~~~~
≈≈≈≈≈§§§§§≈≈≈≈≈~~~.~~.~≈
≈≈≈≈≈§w§§≈≈≈≈≈~~~~..~..~
≈≈≈≈≈§X@(≈≈≈≈≈~~~~..~~..
≈≈≈≈≈§w§w≈≈≈≈≈~~~~~~~~~≈
≈≈≈≈≈§§§§≈≈≈≈≈≈≈~~~~~~~.
≈≈≈≈≈≈≈≈≈≈≈≈≈≈≈≈≈≈~~~...
≈≈≈≈≈≈≈≈≈≈≈≈≈≈≈≈≈≈~~~~~~
≈≈≈≈≈≈≈≈≈≈≈≈≈≈≈≈≈≈≈~~~~~
≈≈≈≈≈≈≈≈≈≈≈≈≈≈≈≈≈≈≈~~~~~
≈≈≈≈≈≈≈≈≈≈≈≈≈≈≈≈≈≈≈≈~~~~
≈≈≈≈≈≈≈≈≈≈≈≈≈≈~~~~


You could see a kraken, 3 tentacles and a friendly +11 dagger of Fate {spect,
Fly} (summoned).

Vanquished Creatures
  Bai Suzhen (Shoals:1)
  Saint Roka (Orc:2)
  A tentacled monstrosity (Shoals:1)
  Rupert (Lair:3)
  3 krakens
  Kirke (D:13)
  The ghost of Chaicat the Slayer, a journeyman MiFi of Okawaru (Lair:5)
  A minotaur (Gauntlet)
  The ghost of HilariousDeathArtist the Fighter, a journeyman DrWr of Okawaru (Orc:1)
  An ettin (D:15)
  Snorg (Lair:5)
  A merfolk javelineer (Shoals:3)
  Josephine (D:13)
  7 merfolk impalers
  A great orb of eyes (Shoals:1)
  The ghost of Puis the Skirmisher, a journeyman DgIE (Lair:2)
  Erolcha (D:9)
  The ghost of Lobster4 the Covert, a journeyman SpBr of Okawaru (Orc:1)
  2 merfolk avatars
  Fannar (D:12)
  3 ogre magi
  6 hydras
  7 centaur warriors
  4 satyrs
  A merfolk aquamancer (Shoals:2)
  14 two-headed ogres
  2 boulder beetles
  A death scarab (Gauntlet)
  6 tengu warriors
  Urug (D:13)
  Sonja (Lair:1)
  Nergalle (Lair:2)
  Amaemon (Lair:3)
  A goliath frog (Lair:5)
  3 sea snakes
  2 deep trolls
  A necromancer (D:15)
  5 lindwurms
  A wizard (D:15)
  8 harpies
  2 orc knights (Bailey)
  2 orc sorcerers
  5 ugly things
  A wolf spider (D:13)
  6 manticores
  A spectral boulder beetle (Gauntlet)
  22 fauns
  10 cyclopes
  6 merfolk sirens
  2 water nymphs (Shoals:3)
  Joseph (D:9)
  A black mamba (Lair:3)
  8 elephants
  A moth of wrath (Gauntlet)
  A water nymph (shapeshifter) (D:13)
  An orange demon (Lair:3)
  A smoke demon (Shoals:1)
  2 torpor snails
  2 gargoyles
  19 cane toads
  An unseen horror (D:12)
  A rime drake (Lair:3)
  5 kobold demonologists (D:11)
  A yaktaur (D:13)
  7 komodo dragons
  3 tengu conjurers
  10 trolls
  17 merfolk
  A meliai (D:13)
  A hornet (D:13)
  7 wind drakes
  4 tyrant leeches (Lair:5)
  A raiju (shapeshifter) (D:13)
  A wind drake (shapeshifter) (D:15)
  33 blink frogs
  6 snapping turtles
  5 slime creatures (D:12)
  12 dream sheep
  2 centaur simulacra
  A spriggan (shapeshifter) (D:15)
  4 water elementals
  5 wraiths (D:13)
  36 yaks
  7 shadows
  2 wyverns
  3 basilisks
  7 humans (D:13)
  6 vampire mosquitoes
  Eustachio (D:4)
  2 steam dragons
  Edmund (D:6)
  2 nagas (Lair:3)
  4 wargs
  2 acid dragons (D:8)
  14 water moccasins
  16 orc warriors
  A black bear (D:5)
  Pargi (D:4)
  21 ogres
  3 boggarts
  24 wolves
  8 centaurs
  2 kobold brigands
  21 bullfrogs
  A cane toad simulacrum (Gauntlet)
  A gnoll sergeant (D:8)
  4 wights (D:7)
  3 killer bees
  6 howler monkeys
  2 vampire bats (D:4)
  2 hounds (D:5)
  3 jellies
  15 orc priests
  4 iguanas
  12 orc wizards
  A mummy (D:7)
  A boggart simulacrum (Gauntlet)
  5 gnolls (D:8)
  5 adders
  A white imp (D:4)
  3 ufetubi
  A worm (D:2)
  A dart slug (D:3)
  65 orcs
  8 endoplasms
  5 giant cockroaches
  5 goblins
  7 hobgoblins
  3 quokkas
  5 ball pythons
  10 bats
  2 frilled lizards
  A goblin zombie (D:7)
  A hobgoblin zombie (D:7)
  27 kobolds
  6 rats
  11 tentacles
731 creatures vanquished.

Vanquished Creatures (others)
  A centaur warrior (D:13)
  A boggart (D:15)
  2 bushes (Lair:1)
  10 demonic plants (Gauntlet)
  18 fungi
  104 plants
  18 tentacles
154 creatures vanquished.

Grand Total: 885 creatures vanquished

Notes
Turn   | Place    | Note
-------+----------+-------------------------------------------
     0 | D:1      | ryw the Demonspawn Monk began the quest for the Orb.
     0 | D:1      | Reached XP level 1. HP: 18/18 MP: 1/1
   400 | D:1      | Gained mutation: A meltable shield of frost defends you.
                  | (SH +4) [demonic ancestry]
   400 | D:1      | Reached XP level 2. HP: 20/24 MP: 2/2
   853 | D:2      | Reached skill level 4 in Fighting
  1138 | D:2      | Gained mutation: Spells you cast may paralyse adjacent
                  | enemies. [demonic ancestry]
  1138 | D:2      | Reached XP level 3. HP: 29/30 MP: 3/3
  1158 | D:2      | Found a faded altar of an unknown god.
  1174 | D:2      | Got Plato's Atlas of the Voyage
  1506 | D:3      | Found an iron altar of Okawaru.
  1514 | D:3      | Became a worshipper of Warmaster Okawaru
  1514 | D:3      | Reached * piety under Okawaru
  1514 | D:3      | Reached ** piety under Okawaru
  1613 | D:3      | Reached skill level 1 in Shields
  2086 | D:3      | Reached XP level 4. HP: 36/37 MP: 4/4
  2604 | D:4      | Noticed Eustachio
  2852 | D:4      | Identified the +12 dagger "Rojys" {elec, Dex+4}
  2959 | D:1      | Learned a level 3 spell: Swiftness
  3269 | D:5      | Entered Level 5 of the Dungeon
  3319 | D:5      | Reached skill level 1 in Short Blades
  3446 | D:5      | Reached skill level 1 in Spellcasting
  3446 | D:5      | Reached skill level 1 in Air Magic
  3446 | D:5      | Gained mutation: You are partially covered in icy blue
                  | scales. (AC +2) [demonic ancestry]
  3446 | D:5      | Reached XP level 5. HP: 40/42 MP: 4/6
  3520 | D:5      | Found a shadowy altar of Dithmenos.
  3539 | D:5      | Noticed a black bear
  3544 | D:5      | Killed a black bear
  3637 | D:5      | Found a staircase to the Ecumenical Temple.
  3637 | D:5      | Noticed a centaur
  3654 | D:5      | Killed a centaur
  3655 | D:5      | Reached XP level 6. HP: 36/48 MP: 8/8
  3776 | D:5      | Found a hide-covered altar of Uskayaw.
  4332 | D:4      | Gained mutation: You are mostly covered in icy blue scales.
                  | (AC +3) [demonic ancestry]
  4332 | D:4      | Reached XP level 7. HP: 44/54 MP: 10/10
  4490 | D:4      | Noticed Pargi
  4503 | D:4      | Killed Pargi
  4503 | D:4      | Reached *** piety under Okawaru
  4591 | D:4      | Found a bloodstained altar of Trog.
  4825 | D:4      | Killed Eustachio
  5159 | D:6      | Noticed Edmund
  5167 | D:6      | Killed Edmund
  5168 | D:6      | Reached skill level 5 in Short Blades
  5168 | D:6      | Reached XP level 8. HP: 42/60 MP: 13/13
  5217 | D:6      | Found an ornate altar of the Wu Jian Council.
  5258 | D:6      | Reached **** piety under Okawaru
  5737 | D:7      | Found a flagged portal.
  5819 | Bailey   | Entered a bailey
  5827 | Bailey   | Noticed an orc knight
  5926 | Bailey   | Identified the +6 arbalest of Hell's Wrath {flame, rElec
                  | rC- Dex+3 SInv}
  6015 | Bailey   | Noticed an orc knight
  6016 | Bailey   | Reached skill level 1 in Armour
  6035 | Bailey   | Killed an orc knight
  6036 | Bailey   | Gained mutation: Spells you cast may paralyse nearby
                  | enemies. [demonic ancestry]
  6036 | Bailey   | Reached XP level 9. HP: 48/66 MP: 7/14
  6060 | Bailey   | Identified the +8 long sword "Notados" {speed, rPois Int+4
                  | Dex+3 SInv}
  6086 | Bailey   | Killed an orc knight
  6086 | Bailey   | Reached ***** piety under Okawaru
  6087 | Bailey   | Reached skill level 5 in Fighting
  6206 | Bailey   | Found the +3 warlock's mirror {reflect}
  6242 | Bailey   | Received a gift from Okawaru
  6772 | D:7      | Reached skill level 5 in Air Magic
  6870 | D:7      | Reached skill level 1 in Long Blades
  7075 | D:8      | Found Beurudoc's Assorted Antiques.
  7111 | D:8      | Found an ancient bone altar of Kikubaaqudgha.
  7150 | D:8      | Found a broken altar of Ashenzari.
  7200 | D:8      | Reached skill level 1 in Invocations
  7260 | D:8      | Found Juuhob's Antique Armour Shoppe.
  7310 | D:8      | Found a staircase to the Lair.
  7324 | D:8      | Gained mutation: Spells you cast and wands you use may
                  | paralyse nearby enemies. [demonic ancestry]
  7324 | D:8      | Reached XP level 10. HP: 76/76 MP: 15/15
  7479 | D:8      | Found Tiemnit's Weapon Boutique.
  7715 | D:8      | Found Nuthropum's Distillery.
  7805 | D:8      | Found Lyheo's Antique Weapon Shop.
  7938 | Lair:1   | Entered Level 1 of the Lair of Beasts
  7961 | Lair:1   | Noticed Sonja
  7998 | Lair:1   | Killed Sonja
  7999 | Lair:1   | Reached skill level 6 in Fighting
  8090 | D:8      | Received a gift from Okawaru
  8191 | Lair:1   | Reached skill level 5 in Dodging
  8196 | Lair:1   | Reached skill level 5 in Shields
  8250 | Lair:1   | Noticed a cane toad
  8260 | Lair:1   | Killed a cane toad
  8341 | Lair:1   | Reached XP level 11. HP: 83/83 MP: 16/16
  8497 | Lair:1   | Noticed an oklob plant
  8842 | D:8      | Reached skill level 5 in Long Blades
  8855 | Lair:1   | Reached ****** piety under Okawaru
  8864 | Lair:1   | Identified the +5 scale mail of the Gusle {Dex+5} (Okawaru
                  | gifted it to you on level 1 of the Lair of Beasts)
  8864 | Lair:1   | Received a gift from Okawaru
  9154 | Lair:1   | Reached skill level 7 in Fighting
  9154 | Lair:1   | Reached skill level 5 in Invocations
  9352 | Lair:2   | Noticed Puis's ghost (journeyman DgIE)
  9355 | Lair:2   | Noticed a lindwurm
  9414 | Lair:2   | Found a runed translucent gate.
  9415 | Lair:2   | Found a runed translucent gate.
  9435 | Lair:2   | Found a runed translucent gate.
  9643 | Lair:2   | Reached skill level 5 in Armour
  9944 | Lair:2   | Found a staircase to the Shoals.
  9973 | Lair:2   | Identified the +10 broad axe of Tartarus {pain, Dex+2}
  9981 | Lair:2   | Noticed Nergalle
 10012 | Lair:2   | Killed Nergalle
 10012 | Lair:2   | Received a gift from Okawaru
 10553 | Lair:3   | Gained mutation: You have sharp fingernails. [demonic
                  | ancestry]
 10553 | Lair:3   | Reached XP level 12. HP: 79/91 MP: 17/17
 10656 | Lair:3   | Reached skill level 1 in Evocations
 11205 | Lair:3   | Noticed Amaemon
 11235 | Lair:3   | Found a staircase to the Snake Pit.
 11304 | Lair:3   | Killed Amaemon
 11317 | Lair:3   | Reached skill level 8 in Fighting
 11428 | Lair:3   | Noticed Rupert
 11447 | Lair:3   | Killed Rupert
 11738 | Lair:3   | Identified the +9 short sword of Conineif {vorpal, Int+4}
                  | (Okawaru gifted it to you on level 3 of the Lair of Beasts)
 11738 | Lair:3   | Received a gift from Okawaru
 12025 | Lair:3   | Noticed an eight-headed hydra
 12032 | Lair:3   | Killed an eight-headed hydra
 12374 | Lair:4   | Noticed a five-headed hydra
 12385 | Lair:4   | Killed a five-headed hydra
 12588 | Lair:4   | Reached XP level 13. HP: 99/99 MP: 18/18
 12590 | Lair:4   | Received a gift from Okawaru
 12897 | Lair:4   | Identified the +4 flail of the Open Hand {vamp, *Noise
                  | rElec Str+3 Stlth+} (Okawaru gifted it to you on level 4 of
                  | the Lair of Beasts)
 12897 | Lair:4   | Received a gift from Okawaru
 13475 | Lair:4   | Gained mutation: You possess an exceptional clarity of
                  | mind. [potion of mutation]
 13487 | Lair:5   | Entered Level 5 of the Lair of Beasts
 14149 | Lair:5   | Identified the -1 pair of gloves of Wimischevai {Will-
                  | Int+6} (Okawaru gifted it to you on level 5 of the Lair of
                  | Beasts)
 14149 | Lair:5   | Received a gift from Okawaru
 14262 | Lair:5   | Found a runed translucent door.
 14263 | Lair:5   | Noticed an azure jelly
 14269 | Lair:5   | Noticed an azure jelly
 14270 | Lair:5   | Found a staircase to the Slime Pits.
 14349 | Lair:5   | Noticed Snorg
 14368 | Lair:5   | Killed Snorg
 14609 | Lair:5   | Reached skill level 9 in Fighting
 15112 | Lair:5   | Found a runed translucent door.
 15114 | Lair:5   | Noticed Chaicat's ghost (journeyman MiFi)
 15415 | Lair:5   | Killed Chaicat's ghost
 15424 | Lair:5   | Identified the +11 rapier of Ascent {holy, rC+++ Str+6
                  | Int+2 Dex-4}
 16534 | D:9      | Noticed Joseph
 16543 | D:9      | Killed Joseph
 16636 | D:9      | Found a radiant altar of Vehumet.
 16644 | D:9      | Noticed Erolcha
 16663 | D:9      | Killed Erolcha
 16663 | D:9      | Identified the +11 dagger of Fate {spect, Fly} (Okawaru
                  | gifted it to you on level 9 of the Dungeon)
 16663 | D:9      | Received a gift from Okawaru
 16664 | D:9      | Reached skill level 10 in Long Blades
 17000 | D:9      | Found a burning altar of Makhleb.
 17139 | D:10     | Entered Level 10 of the Dungeon
 17191 | D:10     | Reached XP level 14. HP: 100/108 MP: 21/21
 17192 | D:10     | Identified the +0 chain mail of the Dolphin {rCorr}
 17676 | D:11     | Reached skill level 10 in Invocations
 17676 | D:11     | Gained mutation: A meltable icy envelope protects you from
                  | harm. (AC +4) [demonic ancestry]
 17676 | D:11     | Reached XP level 15. HP: 115/115 MP: 22/22
 17841 | D:11     | Reached skill level 10 in Fighting
 18484 | D:12     | Found a staircase to the Orcish Mines.
 18497 | D:12     | Found a gate leading to a gauntlet.
 18508 | Gauntlet | Entered a Gauntlet
 18508 | Gauntlet | Found a transporter.
 18508 | Gauntlet | Found a transporter.
 18508 | Gauntlet | Found a transporter.
 18513 | Gauntlet | Found a transporter.
 18513 | Gauntlet | Found a transporter.
 18522 | Gauntlet | Found the amulet of Vitality {RegenMP++ Regen++}
 18524 | Gauntlet | Found a transporter.
 18538 | Gauntlet | Found a transporter.
 18545 | Gauntlet | Found a transporter.
 18564 | Gauntlet | Found a transporter.
 18572 | Gauntlet | Found a transporter.
 18590 | Gauntlet | Found a transporter.
 18645 | Gauntlet | Found a transporter.
 18789 | Gauntlet | Identified the +2 helmet of Kyunun {Dex+2} (Okawaru gifted
                  | it to you in a Gauntlet)
 18789 | Gauntlet | Received a gift from Okawaru
 18831 | Gauntlet | Identified the +9 halberd of the Extremes {pain, Str+6}
 18991 | Gauntlet | Identified the +4 lajatang "Udiggiu" {vorpal, *Slow Str+3
                  | Dex+4}
 19441 | D:12     | Noticed Fannar
 19453 | D:12     | Killed Fannar
 19844 | D:13     | Noticed Urug
 19867 | D:13     | Killed Urug
 19885 | D:13     | Found a gate to the Vaults.
 20150 | D:13     | Noticed Josephine
 20162 | D:13     | Killed Josephine
 20420 | D:13     | Identified the +6 hand axe of the Boiling Point {vorpal,
                  | Drain Will++ Str+3}
 20420 | D:13     | Identified the +1 ring mail "Amul" {Regen+ Str+3}
 20567 | D:13     | Noticed Kirke
 20580 | D:13     | Killed Kirke
 20581 | D:13     | Reached skill level 11 in Fighting
 21145 | D:13     | Identified a scroll of acquirement
 21146 | D:13     | Acquired 1141 gold pieces
 21233 | D:13     | Learned a level 2 spell: Wereblood
 21305 | D:14     | Found a transporter.
 21310 | D:14     | Found a transporter.
 21311 | D:14     | Noticed Pocvaraige's ghost (journeyman TrMo)
 21831 | D:14     | Reached skill level 1 in Transmutations
 21996 | D:15     | Entered Level 15 of the Dungeon
 22104 | D:15     | Found a staircase to the Depths.
 22463 | D:15     | Reached XP level 16. HP: 126/126 MP: 23/23
 22714 | Orc:1    | Entered Level 1 of the Orcish Mines
 22793 | Orc:2    | Entered Level 2 of the Orcish Mines
 22957 | Orc:2    | Noticed Saint Roka
 23256 | Orc:1    | Found a runed translucent gate.
 23256 | Orc:1    | Found a runed translucent gate.
 23256 | Orc:1    | Found a runed translucent gate.
 23263 | Orc:1    | Noticed HilariousDeathArtist's ghost (journeyman DrWr)
 23264 | Orc:1    | Noticed Lobster4's ghost (journeyman SpBr)
 23417 | Orc:1    | Killed HilariousDeathArtist's ghost
 23417 | Orc:1    | Identified the +0 storm dragon scales of Shielding {rElec
                  | rC- Int+7 Stlth+} (Okawaru gifted it to you on level 1 of
                  | the Orcish Mines)
 23417 | Orc:1    | Received a gift from Okawaru
 23422 | Orc:1    | Killed Lobster4's ghost
 23535 | Orc:2    | Killed Saint Roka
 23724 | Orc:1    | Reached skill level 5 in Spellcasting
 23813 | Orc:2    | Reached skill level 10 in Armour
 23844 | Orc:2    | Found Middozxo's Magic Scroll Shoppe.
 23856 | Orc:2    | Found Maoqeogi's Book Boutique.
 23915 | Orc:2    | Found a staircase to the Elven Halls.
 23961 | Orc:2    | Found Nabuxtir's Distillery.
 24014 | Orc:2    | Found Rawkotas's General Store.
 24022 | Orc:2    | Bought a potion of heal wounds for 65 gold pieces
 24380 | Lair:2   | Killed Puis's ghost
 24420 | Lair:2   | Upgraded the game from 0.30-a0-310-g7d6cbdfea6 to
                  | 0.30-a0-311-gf115ab0292
 24458 | Shoals:1 | Entered Level 1 of the Shoals
 24502 | Shoals:2 | Reached skill level 12 in Fighting
 24970 | Shoals:1 | Received a gift from Okawaru
 25163 | Shoals:1 | Reached skill level 5 in Unarmed Combat
 25171 | Shoals:1 | Noticed a kraken
 25200 | Shoals:1 | Killed a kraken
 25248 | Shoals:1 | Noticed a tentacled monstrosity
 25263 | Shoals:1 | Killed a tentacled monstrosity
 25273 | Shoals:1 | Paralysed by a great orb of eyes for 4 turns
 25405 | Shoals:1 | Identified the ring of the Bouncing Visions {rPois rF+
                  | Int+6 Dex+3}
 25571 | Shoals:2 | Found Zacyipsu's Magic Scroll Shop.
 25796 | Shoals:2 | Reached skill level 5 in Transmutations
 25976 | Shoals:2 | Noticed a kraken
 26383 | Shoals:2 | Noticed a kraken
 26411 | Shoals:2 | Killed a kraken
 26463 | Shoals:2 | Killed a kraken
 26584 | Shoals:3 | Noticed Bai Suzhen
 26632 | Shoals:3 | Reached XP level 17. HP: 89/135 MP: 27/27
 26681 | Shoals:3 | Identified the +0 hat "Icluuk" {rElec rF- Str+6} (Okawaru
                  | gifted it to you on level 3 of the Shoals)
 26681 | Shoals:3 | Received a gift from Okawaru
 26960 | Shoals:1 | Killed Bai Suzhen
 27242 | Shoals:3 | Found a flickering gateway to a bazaar.
 27258 | Bazaar   | Entered a bazaar
 27291 | Bazaar   | Found Roseux's Magic Scroll Emporium.
 27346 | Bazaar   | Found Tayheux's Magic Scroll Boutique.
 27375 | Bazaar   | Found Omoim's Magic Scroll Emporium.
 27432 | Bazaar   | Found Feobogac's Assorted Antiques.
 27533 | Bazaar   | Bought a scroll of teleportation for 24 gold pieces
 27533 | Bazaar   | Bought 3 scrolls of teleportation for 72 gold pieces
 27563 | Bazaar   | Bought a scroll of teleportation for 39 gold pieces
 27563 | Bazaar   | Bought a scroll of teleportation for 39 gold pieces
 27563 | Bazaar   | Bought a scroll of teleportation for 39 gold pieces
 27649 | Shoals:3 | Reached skill level 13 in Fighting
 27908 | Shoals:3 | Noticed a kraken
 27926 | Shoals:3 | Mangled by a kraken

Illustrated notes

Levels and vault maps discovered:
D:1:      dpeg_arrival_rooms_b, layout_basic, minmay_misc_feat_enclosed
D:2:      layout_rooms, shapermc_ecumenical_altar_rom_forum,
          minmay_misc_feat_room, chequers_avenue
D:3:      layout_basic, lemuel_crystal_altar
D:4:      layout_basic, kennysheep_little_box, roderic_batcave,
          amcnicky_mini_corridor_feature, grunt_ministairs_10,
          nrook_mini_vaults, uniq_eustachio, uniq_pargi
D:5:      layout_basic, kennysheep_mini, lemuel_crystal_altar,
          grunt_dithmenos_smoke_and_mirrors,
          minmay_temple_entry_statues_fountains, due_unseen_surprise
D:6:      layout_loops_ring, nzn_wu_jian_contemplation, uniq_edmund
D:7:      layout_loops_ring, nicolae_ossuary_entry_giza, enter_bailey_8
D:8:      layout_loops_ring, cheibrodos_ashenzari_chains,
          kiku_gazebo_pond_becter, erik_lair_orcish_takeover, serial_shops,
          nicolae_lakefront_shop, nicolae_stop_n_shop_1,
          nicolae_shop_waterfront, shop, kennysheep_mini_moat
D:9:      layout_roguey, mainiacjoe_overflow_cross_hatched, old_standard_altar,
          uniq_joseph, uniq_erolcha
D:10:     layout_cross
D:11:     layout_gridville
D:12:     layout_loops_ring, orc_0_dummy, gauntlet_entry_generic, uniq_fannar
D:13:     minmay_the_grid_octo_tiled_octocenter [minmay_the_grid_octo_teeth,
          minmay_the_grid_octo_clover_2, minmay_the_grid_octo_empty,
          minmay_the_grid_octo_tetromino_candy,
          minmay_the_grid_octo_prize_big_c, minmay_the_grid_square_5x5_bridge,
          minmay_the_grid_square_5x5_lines, minmay_the_grid_square_5x5_mess,
          minmay_the_grid_square_5x5_tri_point], layout_loops_cross,
          david_vaults_2, special_room [special_room_orc], uniq_kirke,
          uniq_josephine, uniq_urug
D:14:     layout_long_grid, hangedman_decor_push, gammafunk_ghost_hive
D:15:     hangedman_depths_entry_civil_slaughter, layout_rooms,
          nicolae_tso_swordbearing_angel
Lair:1:   layout_misc_corridors, nicolae_quartered_pool_impasse,
          minmay_lair_oklob_bushes, uniq_sonja
Lair:2:   layout_small_grid, minmay_shoals_entry_lonely_mermaid,
          gammafunk_ghost_split, st_stairs_11, uniq_nergalle
Lair:3:   layout_hall_layers, minmay_snake_entry_guardpost_medium, st_stairs_12,
          grunt_megastairs_1, uniq_rupert, uniq_amaemon
Lair:4:   layout_small_grid
Lair:5:   minmay_lair_end_frog_pond, layout_hall_layers, slime_entry_2,
          ebering_ghost_inner_flame, minmay_lindwurm_lava, lemuel_fruit_tree,
          uniq_snorg
Shoals:1: dreamdust_from_the_deep, layout_shoals
Shoals:2: layout_shoals, serial_shops, shop_scrolls
Shoals:3: cheibrodos_shoals_satyrical_garden, layout_shoals, serial_shops,
          bzr_entry_road, uniq_bai_suzhen
Orc:1:    layout_caves, gammafunk_ghost_cemetery, nicolae_orc_lava_room
Orc:2:    st_orc_open, layout_diamond_mine, uniq_saint_roka

Skill      XL: |  1  2  3  4  5  6  7  8  9 10 11 12 13 14 15 16 17 |
---------------+----------------------------------------------------+-----
Fighting       | 4 5 6 7 8 9 11 12 13 | 13.0
Shields        | 2 3 4 5 6 7 8 |  8.9
Short Blades   | 1 2 3 5 6 7 8 |  8.6
Spellcasting   | 1 2 3 4 6 7 |  7.3
Air Magic      | 1 2 3 4 5 6 7 |  7.9
Armour         | 1 3 4 5 6 7 9 10 11 | 11.2
Dodging        | 3 4 5 |  5.0
Long Blades    | 2 4 6 8 10 12 | 12.9
Invocations    | 1 4 6 7 9 10 | 10.1
Evocations     | 3 4 |  4.1
Transmutations | 1 5 6 |  6.1
Unarmed Combat | 5 6 |  6.7
Stealth        | |  1.7

Action                   |  1- 3 |  4- 6 |  7- 9 | 10-12 | 13-15 | 16-18 || total
-------------------------+-------+-------+-------+-------+-------+-------++-------
Melee: Unarmed           |   195 |    39 |       |       |       |       ||   234
       Dagger            |       |    39 |   174 |    15 |   719 |   941 ||  1888
       Long sword        |       |       |    60 |   669 |   643 |       ||  1372
 Fire: Sling             |     8 |       |       |       |       |       ||     8
Throw: Dart              |       |       |       |     2 |       |     1 ||     3
 Cast: Swiftness         |       |       |       |       |     1 |    11 ||    12
Invok: Heroism           |       |       |     2 |     2 |     3 |     4 ||    11
       Finesse           |       |       |     2 |     2 |     3 |       ||     7
  Use: Potion            |     1 |       |       |     4 |     9 |     2 ||    16
       Scroll            |     7 |     1 |    10 |     3 |    12 |       ||    33
 Stab: Sleeping          |     3 |     2 |     4 |     1 |       |     2 ||    12
       Distracted        |       |       |     1 |     1 |    19 |    29 ||    50
       Confused          |       |       |       |     4 |       |       ||     4
       Petrified         |       |       |       |       |     2 |       ||     2
       Paralysed         |       |       |       |       |       |     3 ||     3
Armor: Robe              |     5 |     3 |     5 |       |       |       ||    13
       Chain mail        |    51 |    14 |       |       |       |       ||    65
       Troll leather arm |       |       |    40 |    37 |       |       ||    77
       Scale mail        |       |       |       |   159 |   258 |       ||   417
       Ring mail         |       |       |       |       |    86 |   298 ||   384
Dodge: Dodged            |    38 |    26 |    78 |   294 |   355 |   429 ||  1220
Block: Kite shield       |    92 |    25 |       |       |       |       ||   117
       Other             |     2 |       |       |       |       |       ||     2
       Buckler           |       |    28 |   113 |   474 |   684 |   659 ||  1958
       Reflection        |       |       |     5 |     4 |    47 |   102 ||   158

Table legend: (Time is in decaauts)
 A = Elapsed time spent in this place.
 B = Non-inter-level travel time spent in this place.
 C = Inter-level travel time spent in this place.
 D = Time resting spent in this place.
 E = Time spent auto-exploring this place.
 F = Levels seen in this place.
 G = Mean time per level.
                   A        B        C        D        E       F      G
               +--------+--------+--------+--------+--------+-----+--------+
         Total |  26715 |  25236 |   1479 |   2979 |  16106 |  28 |  954.1 |
       Dungeon |  13027 |  12137 |    890 |    725 |   8862 |  15 |  868.5 |
          Lair |   8031 |   7658 |    373 |   1938 |   4052 |   5 | 1606.2 |
        Shoals |   2847 |   2722 |    125 |    211 |   1503 |   3 |  949.0 |
  Orcish Mines |   1423 |   1332 |     91 |     28 |    984 |   2 |  711.5 |
        Bazaar |    355 |    355 |      0 |      0 |    249 |   1 |  355.0 |
        Bailey |    569 |    569 |      0 |     77 |    196 |   1 |  569.0 |
      Gauntlet |    459 |    459 |      0 |      0 |    258 |   1 |  459.0 |
               +--------+--------+--------+--------+--------+-----+--------+

Top non-repeatable levels by time:
  Lair:5: 2133 daAuts
  Lair:3: 1803 daAuts
  Lair:4: 1517 daAuts
  Lair:2: 1379 daAuts
    D:13: 1309 daAuts
     D:3: 1253 daAuts
  Lair:1: 1197 daAuts
Shoals:1: 1194 daAuts
     D:5: 1067 daAuts
Shoals:2: 1066 daAuts
     D:4: 1032 daAuts
     D:8: 973 daAuts
    D:12: 890 daAuts
    D:11: 849 daAuts
     D:7: 834 daAuts
